 Dungeon Crawl Stone Soup version 0.27-a0-869-g165b36e3f0 (webtiles) character file.

Game seed: 13489916782964300923

87 timneilson the Covered (level 4, -13/29 HPs)
             Began as a Gargoyle Fighter on Apr 3, 2021.
             Mangled by an orc warrior
             ... wielding a +0 trident
              (15 damage)
             ... on level 3 of the Dungeon.
             The game lasted 00:03:16 (2025 turns).

timneilson the Covered (Gargoyle Fighter)           Turns: 2025, Time: 00:03:17

Health: -13/29     AC: 11    Str: 20    XL:     4   Next: 51%
Magic:  4/4        EV:  7    Int:  9    God:
Gold:   95         SH:  9    Dex:  9    Spells: 3/3 levels left

rFire    x . .     SeeInvis .   a - +1 long sword
rCold    + . .     Faith    .   c - +0 kite shield
rNeg     + + .     Spirit   .   b - +0 scale mail
rPois    ∞         Reflect  .   (no helmet)
rElec    +         Harm     .   (no cloak)
rCorr    .         Rampage  .   (no gloves)
Will     +....                  e - +0 pair of boots
Stlth    ..........             (no amulet)
HPRegen  0.09/turn              h - ring "Disapez" {Ice Will+ Slay+2}
MPRegen  0.09/turn              g - ring of positive energy

@: mighty, flying
A: AC +3, negative energy resistance 1, electricity resistance, torment
resistance 1, unbreathing 1, petrification resistance
a: no special abilities


You were on level 3 of the Dungeon.
You visited 1 branch of the dungeon, and saw 3 of its levels.

You collected 95 gold pieces.

Inventory:

Hand Weapons
 a - a +1 long sword (weapon)
Armour
 b - a +0 scale mail (worn)
 c - a +0 kite shield (worn)
 e - a +0 pair of boots (worn)
Jewellery
 g - a ring of positive energy (right hand)
 h - the ring "Disapez" (left hand) {Ice Will+ Slay+2}
   (You acquired it on level 2 of the Dungeon)

   [ring of ice]

   It enhances your ice magic.
   It affects your accuracy and damage with ranged weapons and melee attacks
   (+2).
   It makes you vulnerable to fire.
   It protects you from cold.
   It increases your willpower.
Potions
 f - a potion of ambrosia


   Skills:
 + Level 3.7 Fighting
 * Level 2.7 Long Blades
 * Level 4.1 Armour
 * Level 4.0 Shields


You had 3 spell levels left.
You didn't know any spells.
Your spell library was empty.

Dungeon Overview and Level Annotations

Branches:
Dungeon (3/15)

Altars:
The Shining One

Shops:
D:3 [


Innate Abilities, Weirdness & Mutations

Your stone body is resilient. (AC +3)
You are immune to poison.
You resist negative energy. (rN+)
You are resistant to electric shocks. (rElec)
You are resistant to unholy torment.
You can survive without breathing.
You are immune to petrification.


Message History

The orc wizard flickers and vanishes!
Deactivating autopickup; reactivate with Ctrl-A.
You block the orc warrior's attack.
You closely miss the orc warrior.
The orc warrior is lightly wounded.
You block the orc warrior's attack.
The orc warrior hits you but does no damage.
You hit the orc warrior but do no damage.
The orc warrior is lightly wounded.
The orc warrior hits you but does no damage.
You feel very mighty all of a sudden. The orc warrior closely misses you.
You hit the orc warrior but do no damage.
The orc warrior is lightly wounded.
The orc warrior barely misses you. You block the orc warrior's attack.
You barely miss the orc warrior.
The orc warrior is lightly wounded.
The orc warrior hits you with a +0 trident.
You barely miss the orc warrior.
The orc warrior is lightly wounded.
The orc priest looks encouraged for a moment.
The orc warrior hits you but does no damage.
The orc warrior hits you with a +0 trident.
You slash the orc warrior!
The orc warrior is heavily wounded.
You block the orc warrior's attack.
You hit the orc warrior.
The orc warrior is heavily wounded.
The orc warrior hits you with a +0 trident.
The orc priest calls down the wrath of Beogh upon you.
Beogh smites you!
Ouch! That really hurt!
* * * LOW HITPOINT WARNING * * *
You block the orc warrior's attack.
It was a potion of flight.
You feel very buoyant.
You fly up into the air.
The orc warrior hits you with a +0 trident!
Ouch! That really hurt!
You die...

........###
#.................
...........
(.#####.##........
..^...#####
#..########## .........#
#.## .#.#.....# ##.#
.....##### ##..# ..####
#..## .## #.## ## .# #@#
..# #### ##o# ....
...##### #{o# .....
##.#...## #####o##......
##......###......†......
............###.##......
......(..# #.# #...#
.........# #.. ###
#.#....... ...


You could see an orc warrior, an orc priest and an orc.

Vanquished Creatures
  4 adders
  3 worms
  3 ball pythons (D:2)
  4 endoplasms
  5 giant cockroaches
  2 goblins (D:2)
  5 hobgoblins
  2 jackals (D:2)
  3 kobolds
  A quokka (D:2)
  3 bats
  3 frilled lizards (D:1)
  4 rats
42 creatures vanquished.

Vanquished Creatures (others)
  3 plants (D:1)
3 creatures vanquished.

Grand Total: 45 creatures vanquished

Notes
Turn   | Place    | Note
-------+----------+-------------------------------------------
     0 | D:1      | timneilson the Gargoyle Fighter began the quest for the
                  | Orb.
     0 | D:1      | Reached XP level 1. HP: 14/14 MP: 1/1
   145 | D:1      | Reached XP level 2. HP: 19/19 MP: 2/2
  1077 | D:2      | Reached XP level 3. HP: 22/23 MP: 3/3
  1174 | D:2      | Found a faded altar of an unknown god.
  1572 | D:2      | Reached XP level 4. HP: 28/28 MP: 4/4
  1727 | D:2      | Identified a scroll of acquirement
  1773 | D:2      | Acquired the ring "Disapez" {Ice Will+ Slay+2}
  1897 | D:3      | Found a glowing golden altar of the Shining One.
  1963 | D:3      | Found Dovellepn's Antique Armour Shoppe.
  2001 | D:3      | Noticed an orc warrior
  2025 | D:3      | Mangled by an orc warrior

Illustrated notes

Levels and vault maps discovered:
D:1:      ebering_trefoil_twist, layout_loops_ring, grunt_decor_one_mirror,
          serial_bayou_pond_c
D:2:      layout_rooms, basic_ecumenical_altar, small_statue_intersection,
          minmay_misc_feat_tiny, st_stairs_9
D:3:      layout_rooms, nicolae_qazlal_style_of_elements, tso_metal_star,
          serial_shops, shop

Skill      XL: |  1  2  3  4 |
---------------+-------------+-----
Long Blades    | 2 |  2.7
Armour         | 4 |  4.1
Shields        | 4 |  4.0
Fighting       | |  3.7

Action                   |  1- 3 |  4- 6 || total
-------------------------+-------+-------++-------
Melee: Long sword        |   119 |    53 ||   172
  Use: Scroll            |     3 |     4 ||     7
       Potion            |       |     2 ||     2
Armor: Scale mail        |    66 |    36 ||   102
Dodge: Dodged            |    33 |    19 ||    52
Block: Kite shield       |    66 |    33 ||    99
       Rpst.: Long sword |    11 |     4 ||    15

Table legend: (Time is in decaauts)
 A = Elapsed time spent in this place.
 B = Non-inter-level travel time spent in this place.
 C = Inter-level travel time spent in this place.
 D = Time resting spent in this place.
 E = Time spent auto-exploring this place.
 F = Levels seen in this place.
 G = Mean time per level.
                   A        B        C        D        E       F      G
               +--------+--------+--------+--------+--------+-----+--------+
         Total |   2119 |   2086 |     33 |     42 |   1618 |   3 |  706.3 |
       Dungeon |   2119 |   2086 |     33 |     42 |   1618 |   3 |  706.3 |
               +--------+--------+--------+--------+--------+-----+--------+

Top non-repeatable levels by time:
     D:2: 1052 daAuts
     D:1: 805 daAuts
     D:3: 261 daAuts
